 Dungeon Crawl Stone Soup version 0.19-a0-1111-gcceb26a (webtiles) character file.

945 epen the Insei (level 8, -6/54 HPs)
             Began as an Octopode Monk on Aug 10, 2016.
             Was a Follower of Ru.
             Mangled by an orc warrior
             ... wielding a +1 mace of protection
              (17 damage)
             ... on level 6 of the Dungeon.
             The game lasted 00:07:21 (4579 turns).

epen the Insei (Octopode Monk)                      Turns: 4579, Time: 00:07:22

Health: -6/54      AC:  4    Str: 10    XL:     8   Next: 13%
Magic:  8/8        EV: 16    Int: 12    God:    Ru [*.....]
Gold:   196        SH:  4    Dex: 17    Spells: 0 memorised, 7 levels left

rFire  . . .     SeeInvis .       - Unarmed
rCold  . . .     Gourm    .     y - +0 buckler {AC+3}
rNeg   . . .     Faith    .     (helmet restricted)
rPois  .         Spirit   .     (no amulet)
rElec  .         Dismiss  .     m - ring of resist corrosion
rCorr  +         Reflect  .     (no ring)
SustAt .         Harm     .     (no ring)
MR     .....                    (no ring)
Stlth  +++++.....               (no ring)
                                (no ring)
                                (no ring)
                                (no ring)

@:
A: almost no armour, amphibious, 8 rings, constrict 8, camouflage 1, gelatinous
body 1, no charms magic, no fire magic, no necromancy magic
a: Renounce Religion


You were on level 6 of the Dungeon.
You worshipped Ru.
Ru was aware of your devotion.
You were not hungry.

You visited 2 branches of the dungeon, and saw 7 of its levels.

You collected 196 gold pieces.

Inventory:

Armour
 y - a +0 buckler of protection (worn)
Jewellery
 m - a ring of resist corrosion (left tentacle)
Wands
 v - a wand of flame (15/48)
 x - a wand of polymorph (15/24)
Scrolls
 b - 2 scrolls of immolation {unknown}
 e - 5 scrolls of remove curse {unknown}
 f - 9 scrolls of identify {unknown}
 j - a scroll of magic mapping {unknown}
 k - 3 scrolls of noise {unknown}
 l - 2 scrolls of teleportation {unknown}
 o - 2 scrolls of recharging {unknown}
 q - a scroll of random uselessness {unknown}
 t - a scroll of fog {unknown}
 u - 2 scrolls of blinking {unknown}
 w - 2 scrolls of enchant armour {unknown}
 B - a scroll of fear {unknown}
Potions
 c - 2 potions of lignification {unknown}
 d - a potion of magic
 g - a potion of flight
 n - 4 potions of heal wounds
 p - 2 potions of mutation {unknown}
 s - a potion of agility {unknown}
 z - a potion of brilliance {unknown}
Books
 C - a book of Debilitation

   Spells                             Type                      Level
   a - Corona                         Hexes                        1
   b - Slow                           Hexes                        2
   c - Gell's Gravitas                Hexes/Translocation          3
   d - Inner Flame                    Hexes/Fire                   3
   e - Cause Fear                     Hexes                        4
   f - Leda's Liquefaction            Hexes/Earth                  4
 D - a book of the Dragon

   Spells                             Type                      Level
   a - Flame Tongue                   Conjuration/Fire             1
   b - Cause Fear                     Hexes                        4
   c - Bolt of Fire                   Conjuration/Fire             6
   d - Dragon Form                    Transmutation                7
   e - Dragon's Call                  Summoning                    9
Comestibles
 a - 4 bread rations
 h - 3 meat rations
 i - 2 slices of pizza
 r - 2 beef jerkies
 A - a royal jelly
 E - 5 chunks of flesh


   Skills:
 + Level 4.6 Fighting
 * Level 5.8 Dodging
 + Level 5.8 Stealth
 * Level 1.7 Shields
 * Level 5.8 Unarmed Combat


You had 7 spell levels left.
You didn't know any spells.

Dungeon Overview and Level Annotations

Branches:
Dungeon (6/15)             Temple (1/1) D:5

Altars:
Dithmenos
Pakellas
Ru
Uskayaw
Yredelemnul

Annotations:
D:4 aronpayne's ghost, novice FoSk


Innate Abilities, Weirdness & Mutations

You cannot wear most types of armour.
You are amphibious.
You can wear up to eight rings at the same time.
You can use your tentacles to constrict eight enemies at once.
Your skin changes colour to match your surroundings (Stealth+).
Your rubbery body absorbs attacks. (AC +1, EV +1)
You cannot study or cast Charms magic.
You cannot study or cast Fire magic.
You cannot study or cast Necromancy magic.


Message History

You constrict the orc warrior.
You tentacle-slap the orc warrior but do no damage.
You squeeze the orc warrior, but do no damage.
The orc warrior is heavily wounded.
You constrict the orc warrior. The orc warrior barely misses you.
You tentacle-slap the orc warrior.
The orc warrior is severely wounded.
You constrict the orc warrior.
The orc warrior hits you with a mace of protection!
* * * LOW HITPOINT WARNING * * *
Unknown command.
You release your grip on the orc warrior.
You are too injured to fight recklessly!
You are too injured to fight recklessly!
You are too injured to fight recklessly!
You closely miss the orc warrior. You grab the orc warrior.
The orc warrior is severely wounded.
You constrict the orc warrior, but do no damage.
The orc warrior hits you with a mace of protection!
You die...

.# #.# .# #.### #. .# #...#
... .# ##### #.# .# ##.#+###
.# #......# .# ##########
#....[.#
.###........########......#
.##.............@oo...<...##
.##.........########.......#
.##...รท.....# #...)...#
....(.).....# #.......#
####........# #.........#
#........# #......#..#
########## ######## .# #


You could see an orc warrior and an orc.

Vanquished Creatures
  The ghost of epen the Ducker, an amateur SpAK of Lugonu (D:3)
  An ogre (D:5)
  An orc warrior (D:5)
  A centaur (D:6)
  2 giant frogs (D:6)
  A scorpion (D:4)
  A giant frog zombie (D:6)
  A crimson imp (D:5)
  A hound (D:4)
  2 orc priests
  2 giant frog skeletons (D:4)
  A worker ant (D:4)
  A howler monkey skeleton (D:4)
  6 adders
  A shadow imp (D:5)
  2 oozes
  An adder skeleton (D:4)
  5 worms
  2 giant geckos
  16 orcs
  2 ball pythons
  3 giant cockroaches
  4 goblins
  8 hobgoblins
  4 jackals
  7 kobolds
  2 quokkas
  10 bats
  6 giant newts
  5 rats
100 creatures vanquished.

Notes
Turn   | Place    | Note
-------+----------+-------------------------------------------
     0 | D:1      | epen the Octopode Monk began the quest for the Orb.
     0 | D:1      | Reached XP level 1. HP: 16/16 MP: 1/1
    37 | D:1      | Reached XP level 2. HP: 12/21 MP: 2/2
   570 | D:1      | Reached XP level 3. HP: 21/26 MP: 3/3
  1152 | D:2      | Reached XP level 4. HP: 24/31 MP: 4/4
  1537 | D:3      | Noticed epen's ghost (amateur SpAK)
  1649 | D:3      | Reached XP level 5. HP: 32/36 MP: 5/5
  2259 | D:3      | Killed epen's ghost
  2259 | D:3      | Reached XP level 6. HP: 29/43 MP: 6/6
  2342 | D:4      | Reached skill level 5 in Unarmed Combat
  2631 | D:4      | Noticed aronpayne's ghost (novice FoSk)
  2776 | D:4      | Reached XP level 7. HP: 42/48 MP: 7/7
  3478 | D:5      | Entered Level 5 of the Dungeon
  3503 | D:5      | Reached skill level 5 in Dodging
  3503 | D:5      | Reached skill level 5 in Stealth
  3588 | D:5      | Found a shadowy altar of Dithmenos.
  3697 | D:5      | Found an oddly glowing altar of Pakellas.
  3852 | D:5      | Found a staircase to the Ecumenical Temple.
  3868 | Temple   | Entered the Ecumenical Temple
  3906 | Temple   | Became a worshipper of Ru the Awakened
  3918 | Temple   | Gained mutation: You cannot study or cast Fire magic. [Ru sacrifice]
  3918 | Temple   | Gained mutation: You cannot study or cast Necromancy magic. [Ru sacrifice]
  3918 | Temple   | Gained mutation: You cannot study or cast Charms magic. [Ru sacrifice]
  3918 | Temple   | Reached * piety under Ru
  4285 | D:6      | Reached skill level 1 in Shields
  4393 | D:6      | Reached XP level 8. HP: 27/54 MP: 8/8
  4579 | D:6      | Mangled by an orc warrior

Vault maps used:
D:1:      dpeg_arrival_simpleton_c, minmay_tetromino_s4
D:2:      due_unseen_surprise
D:4:      serial_glass, glass_columns_a, glass_columns_a
D:5:      old_standard_altar, first_bread, basic_altar
D:6:      minitemple, minivault_5
Temple:   dpeg_five_rooms_temple

Skill      XL: |  1  2  3  4  5  6  7 |
---------------+----------------------+-----
Stealth        | 3 4 5 |  5.8
Unarmed Combat | 4 5 |  5.8
Dodging        | 4 5 |  5.8
Fighting       | 4 |  4.6
Shields        | 1 |  1.7

Action                   |  1- 3 |  4- 6 |  7- 9 || total
-------------------------+-------+-------+-------++-------
Melee: Unarmed           |    82 |   123 |   101 ||   306
       Constrict         |    22 |    22 |    23 ||    67
       Tentacles         |     6 |    23 |    26 ||    55
       Punch             |     1 |     6 |     7 ||    14
Invok: Sacrifice Arcana  |       |       |     1 ||     1
  Use: Potion            |       |     6 |       ||     6
 Stab: Sleeping          |    11 |     7 |     3 ||    21
  Eat: Chunk             |     1 |     5 |     6 ||    12
Armor: Skin              |     5 |     9 |     4 ||    18
Dodge: Dodged            |    47 |    71 |    54 ||   172
Block: Buckler           |       |       |     3 ||     3
